 Dungeon Crawl Stone Soup version 0.30-a0-605-gb2882149bf (webtiles) character file.

Game seed: 5354332124092682859

550 OTABOTABOTAB the Shield-Bearer (level 7, -4/56 HPs)
             Began as a Formicid Fighter on Jan 8, 2023.
             Slain by an orc
             ... wielding a +0 short sword of electrocution
              (13 damage)
             ... on level 4 of the Dungeon.
             The game lasted 00:03:35 (3513 turns).

OTABOTABOTAB the Shield-Bearer (Formicid Fighter)   Turns: 3513, Time: 00:03:35

Health: -4/56      AC:  9    Str: 25    XL:     7   Next: 54%
Magic:  16/16      EV:  8    Int:  7    God:
Gold:   276        SH:  5    Dex: 13    Spells: 6/6 levels left

rFire   + . .      SeeInvis +    l - +5 mace of Quv Kalo {elec, rPois MP+9 Str+2 SInv}
rCold   . . .      Faith    .    c - +0 buckler
rNeg    . . .      Spirit   .    p - +0 chain mail
rPois   +          Reflect  .    (helmet unavailable)
rElec   .          Harm     .    (no cloak)
rCorr   .          Rampage  .    (no gloves)
Will    .....                    (no boots) Stlth
                                 (no amulet)
HPRegen 0.29/turn                F - ring of protection from fire {rF+, !d}
MPRegen 0.15/turn                (no ring)

@: no status effects
A: permanent stasis, dig shafts and tunnels, antennae 3, four strong arms
a: Dig, Shaft Self


You were on level 4 of the Dungeon.
You visited 1 branch of the dungeon, and saw 6 of its levels.

You collected 276 gold pieces.

Inventory:

Hand Weapons
 a - a +0 war axe
 l - the +5 mace of Quv Kalo (weapon) {elec, rPois MP+9 Str+2 SInv}
   (You found it on level 2 of the Dungeon)

   Str:       It affects your strength (+2).
   rPois:     It protects you from poison.
   MP:        It affects your magic capacity (+9).
   SInv:      It lets you see invisible.
Missiles
 m - 4 javelins
 n - 11 boomerangs
 s - 50 stones
Armour
 c - a +0 buckler (worn)
 p - a +0 chain mail (worn)
   (You took it off an orc on level 3 of the Dungeon)
Magical Staves
 b - a staff of air {rElec}
   (You found it on level 4 of the Dungeon)
Jewellery
 F - a ring of protection from fire (left hand) {rF+, !d}
   (You found it on level 6 of the Dungeon)
Wands
 h - a wand of roots (9)
   (You found it on level 6 of the Dungeon)
 j - a wand of polymorph (5)
   (You found it on level 2 of the Dungeon)
Scrolls
 e - 3 scrolls of enchant weapon
 r - a scroll of identify {@r1}
Potions
 f - a potion of cancellation
 G - a potion of ambrosia {!q}
 J - a potion of curing {@q1}
 M - a potion of magic


   Skills:
 + Level 5.2 Fighting
 - Level 2.6(3.3) Axes
 + Level 3.0(3.5) Maces & Flails
 + Level 5.2 Armour
 + Level 6.3 Shields


You had 6 spell levels left.
You didn't know any spells.
Your spell library contained the following spells:

 Spells                   Type           Power      Damage    Failure   Level
 Magic Dart               Conj           0%         1d3       98%         1
 Sandblast                Erth           0%         2d4       98%         1
 Call Imp                 Summ           0%         N/A       99%         2
 Momentum Strike          Conj/Tloc      0%         3d8       99%         2
 Passwall                 Tmut/Erth      0%         N/A       99%         2
 Lesser Beckoning         Tloc           0%         N/A       100%        3
 Mephitic Cloud           Conj/Pois/Air  0%         N/A       100%        3
 Stone Arrow              Conj/Erth      0%         3d7       100%        3
 Blink                    Tloc           Unusable   N/A       N/A         2

Dungeon Overview and Level Annotations

Branches:
Dungeon (6/15)
 Temple: D:4-7

Altars:
Makhleb


Innate Abilities, Weirdness & Mutations

You cannot be hasted, slowed, berserked, paralysed or teleported.
You can dig through walls and to a lower floor.
You have a pair of large antennae on your head. (SInv)
Your four strong arms can wield two-handed weapons with a shield.


Message History

An orc comes into view. It is wielding a +0 club.
You closely miss the adder. The adder barely misses you.
You block the adder's attack.
You hit the adder. Lightning courses through the adder!
You kill the adder!
Your Maces & Flails skill increases to level 3!
There are monsters nearby!
There are monsters nearby!
An orc wizard and an orc come into view.
The orc wizard shouts!
The goblin hits you but does no damage.
An orc comes into view.
It is wielding a +0 short sword of electrocution.
There are monsters nearby!
You sock the orc!
You kill the orc!
The goblin hits you but does no damage.
An orc comes into view. It is wielding a +0 morningstar.
The goblin hits you but does no damage.
The orc wizard gestures wildly while chanting.
The orc wizard flickers and vanishes for a moment.
The orc shouts!
You hear a shout!
You hit the goblin.
You kill the goblin!
Unknown command.
A hobgoblin comes into view.
You see here a +0 club.
You hit the orc. You block the orc's attack.
You hit the orc.
You kill the orc!
The orc hits you but does no damage.
You barely miss the orc wizard. The orc hits you with a +0 morningstar.
You block the orc's attack.
The orc wizard points at you and mumbles some strange words.
The puff of flame hits you. You resist. You block the orc's attack.
The orc wizard hits you but does no damage.
The orc hits you with a +0 morningstar.
You take 9 damage, and have 47/56 hp.
You thump the orc wizard! The orc hits you with a +0 morningstar.
The orc wizard barely misses you. The orc closely misses you.
You take 1 damage, and have 46/56 hp.
You closely miss the orc wizard.
The hobgoblin hits you but does no damage.
You block the orc wizard's attack. The orc hits you with a +0 morningstar.
The orc barely misses you.
You take 6 damage, and have 40/56 hp.
Unknown command.
You hit the orc wizard. The hobgoblin barely misses you.
The orc hits you but does no damage. The orc wizard casts a spell at you.
You easily resist.
You block the orc's attack.
You barely miss the orc wizard. The hobgoblin barely misses you.
The orc closely misses you. x2
The orc wizard gestures at you while chanting.
The magic dart hits you but does no damage.
The orc wizard hits you but does no damage.
The orc hits you with a +0 short sword of electrocution.
The hobgoblin hits you but does no damage.
You block the orc's attack.
Unknown command.
You thump the orc wizard!
You kill the orc wizard!
You block the hobgoblin's attack. The orc hits you but does no damage. x2
You closely miss the hobgoblin. The hobgoblin hits you.
You block the orc's attack. The orc closely misses you.
You take 2 damage, and have 38/56 hp.
You barely miss the hobgoblin.
The hobgoblin hits you but does no damage.
The orc hits you with a +0 short sword of electrocution.
The orc hits you with a +0 morningstar!
You take 8 damage, and have 30/56 hp.
You are too injured to fight recklessly!
You are too injured to fight recklessly!
Unknown command.
You are too injured to fight recklessly!
You hit the orc. The hobgoblin hits you. You block the orc's attack.
The orc barely misses you.
You take 1 damage, and have 29/56 hp.
You closely miss the orc. The hobgoblin closely misses you.
You block the orc's attack. The orc hits you with a +0 morningstar.
The orc hits you but does no damage. You block the orc's attack.
The hobgoblin hits you but does no damage.
You take 3 damage, and have 26/56 hp.
You closely miss the orc.
The hobgoblin hits you but does no damage.
The orc hits you but does no damage.
You are electrocuted!!
* * * LOW HITPOINT WARNING * * *
The orc hits you with a +0 morningstar!
* * * LOW HITPOINT WARNING * * *
You take 24 damage, and have 2/56 hp.
MASSIVE DAMAGE!!
You feel better. You block the hobgoblin's attack.
The orc hits you with a +0 morningstar.
* * * LOW HITPOINT WARNING * * *
The orc closely misses you.
You regained 2 hp, and now have 4/56 hp.
You feel better. You block the hobgoblin's attack. You block the orc's attack.
The orc hits you but does no damage.
You are electrocuted!
You die...

#©.......#..##........
##.#.#..##......# ... {
#.###...#...#### #.#
##..$...# # ##
#....#.##.. ..
.####...##...?. #. .
........#...... #.## ..
#..............# #... ..
......g@...#...# #..##..
#(....oo)###.#..##....##
....$....# .#.....<...#
.........# ............
..####.... ....#!......
.. #..... ....#....#..
...... ............
.)#.#.......(..)...
..#.........


You could see 2 orcs and a hobgoblin.

Vanquished Creatures
  6 hounds
  A gnoll bouda (D:6)
  An orc priest (D:3)
  An iguana (D:6)
  3 orc wizards
  3 adders
  7 gnolls
  An ufetubus (D:4)
  2 worms
  2 dart slugs
  13 orcs
  7 endoplasms
  3 giant cockroaches (D:1)
  8 goblins
  4 hobgoblins
  6 kobolds
  A quokka (D:1)
  11 ball pythons
  8 bats
  2 frilled lizards (D:1)
  9 rats
99 creatures vanquished.

Notes
Turn   | Place    | Note
-------+----------+-------------------------------------------
     0 | D:1      | OTABOTABOTAB the Formicid Fighter began the quest for the
                  | Orb.
     0 | D:1      | Reached XP level 1. HP: 18/18 MP: 1/1
    45 | D:1      | Reached XP level 2. HP: 24/24 MP: 2/2
   196 | D:1      | Found a faded altar of an unknown god.
   285 | D:1      | Reached XP level 3. HP: 13/29 MP: 3/3
  1015 | D:2      | Reached XP level 4. HP: 30/37 MP: 4/4
  1175 | D:2      | Identified the +5 mace of Quv Kalo {elec, rPois MP+9 Str+2
                  | SInv}
  1895 | D:3      | Reached skill level 4 in Fighting
  1895 | D:3      | Reached skill level 4 in Armour
  1964 | D:3      | Reached XP level 5. HP: 42/42 MP: 5/5
  2122 | D:3      | Reached skill level 1 in Maces & Flails
  2122 | D:3      | Reached skill level 5 in Shields
  2131 | D:3      | HP: 10/42 [poisoned by a gnoll]
  2374 | D:3      | You fall into a shaft and drop 3 floors!
  2400 | D:6      | Reached XP level 6. HP: 46/49 MP: 6/6
  2421 | D:6      | Reached skill level 2 in Maces & Flails
  2480 | D:6      | Reached XP level 7. HP: 41/55 MP: 7/7
  2482 | D:6      | Reached skill level 5 in Fighting
  2482 | D:6      | Reached skill level 6 in Shields
  2485 | D:6      | HP: 13/56 [iguana (4)]
  2489 | D:6      | Reached skill level 5 in Armour
  2811 | D:5      | Entered Level 5 of the Dungeon
  3375 | D:4      | Found a burning altar of Makhleb.
  3494 | D:4      | Reached skill level 3 in Maces & Flails
  3511 | D:4      | HP: 9/56 [orc/+0 short sword of electrocution (18)]
  3511 | D:4      | HP: 2/56 [orc/+0 morningstar (7)]
  3513 | D:4      | Slain by an orc

Illustrated notes

Levels and vault maps discovered:
D:1:      tarquinn_simple_flora_water_f, layout_loops_ring,
          ebering_ecumenical_altar_sacrificial, minmay_pentomino_q4
D:2:      minmay_door_path, layout_loops_corners, st_stairs_3, glass_columns_c
D:3:      layout_basic, grunt_ministairs_14
D:4:      layout_cave_pools, lemuel_round_altar,
          grunt_temple_overflow_cloverleaf, gammafunk_ghost_stat_death,
          kennysheep_generic_room_5, uniq_natasha, uniq_crazy_yiuf_cottage
D:5:      cheibrodos_helix_gallery, layout_basic, nemelex_altar_shiori,
          lemuel_crystal_altar, nicolae_elevator_lobby_asterisk
D:6:      layout_rooms, nicolae_water_bricks, uniq_menkaure

Skill      XL: |  1  2  3  4  5  6  7 |
---------------+----------------------+-----
Fighting       | 4 5 |  5.2
Armour         | 4 5 |  5.2
Maces & Flails | 1 2 3 |  3.0
Shields        | 5 6 |  6.3
Axes           | |  2.6

Action                   |  1- 3 |  4- 6 |  7- 9 || total
-------------------------+-------+-------+-------++-------
Melee: War axe           |   110 |     4 |       ||   114
       Mace              |       |    70 |    52 ||   122
Throw: Stone             |     4 |       |       ||     4
  Use: Scroll            |       |     4 |     6 ||    10
       Potion            |       |     2 |     2 ||     4
Armor: Scale mail        |    62 |    11 |       ||    73
       Chain mail        |       |    30 |    31 ||    61
Dodge: Dodged            |    48 |    38 |    26 ||   112
Block: Buckler           |    33 |    33 |    30 ||    96

Table legend: (Time is in decaauts)
 A = Elapsed time spent in this place.
 B = Non-inter-level travel time spent in this place.
 C = Inter-level travel time spent in this place.
 D = Time resting spent in this place.
 E = Time spent auto-exploring this place.
 F = Levels seen in this place.
 G = Mean time per level.
                   A        B        C        D        E       F      G
               +--------+--------+--------+--------+--------+-----+--------+
         Total |   3594 |   3418 |    176 |    445 |   2373 |   6 |  599.0 |
       Dungeon |   3594 |   3418 |    176 |    445 |   2373 |   6 |  599.0 |
               +--------+--------+--------+--------+--------+-----+--------+

Top non-repeatable levels by time:
     D:2: 1193 daAuts
     D:3: 1072 daAuts
     D:1: 709 daAuts
     D:6: 446 daAuts
     D:4: 156 daAuts
     D:5: 16 daAuts

Table legend:
 A = Kills in this place as a percentage of kills in entire the game.
 B = Kills by you in this place as a percentage of kills by you in the entire game.
 C = Kills by friends in this place as a percentage of kills by friends in the entire game.
 D = Other kills in this place as a percentage of other kills in the entire game.
 E = Experience gained in this place as a percentage of experience gained in the entire game.
 F = Experience gained in this place divided by the number of levels of this place that you have seen.
                   A       B       C       D       E      F
               +-------+-------+-------+-------+-------+----------------------
         Total | 100.0 | 100.0 |   N/A |   N/A | 100.0 | 131.2
       Dungeon | 100.0 | 100.0 |   N/A |   N/A | 100.0 | 131.2
               +-------+-------+-------+-------+-------+----------------------
